 Dungeon Sprint DCSS version 0.31.0 (webtiles) character file.

Game seed: 7269363811067373958

13645 Heoruswealwe the Phalangite (level 11, -15/119 HPs)
             Began as a Minotaur Fighter on Jan 20, 2024.
             Was an Initiate of Gozag.
             Demolished by an orc knight
             ... wielding a +2 great mace
              (27 damage)
             ... in the Dungeon (Sprint IX: "|||||||||||||||||||||||||||||").
             The game lasted 00:11:52 (1999 turns).

Heoruswealwe the Phalangite (Minotaur Fighter)      Turns: 1999, Time: 00:11:53

Health: -15/119    AC: 23    Str: 25    XL:     11   Next: 78%
Magic:  8/10       EV: 10    Int:  5    God:    Gozag
Gold:   5734       SH:  0    Dex: 10    Spells: 10/10 levels left

rFire   . . .        b - +2 halberd (venom)
rCold   . . .        (shield currently unavailable)
rNeg    . . .        c - +0 plate armour
rPois   .            (helmet restricted)
rElec   .            h - +0 cloak
rCorr   .            f - +0 pair of gloves
SInv    .            (no boots)
Will    .....        (no amulet) Stlth
                     k - +2 ring of protection
HPRegen 0.39/turn    j - +2 ring of evasion
MPRegen 0.12/turn

%: no teleportation
@: gold aura, hasted, very quick
A: horns 2, retaliatory headbutt
a: Renounce Religion, Potion Petition, Call Merchant, Bribe Branch


You were in the Dungeon.
You worshipped Gozag.
Gozag was greatly pleased with you.
You visited 1 branch You collected 5734 gold pieces.

Inventory:

Hand Weapons
 a - a +0 trident
 b - a +2 halberd of venom (weapon)
Armour
 c - a +0 plate armour (worn)
 d - a +0 buckler
 f - a +0 pair of gloves (worn)
 h - a +0 cloak (worn)
Jewellery
 j - a +2 ring of evasion (right hand)
 k - a +2 ring of protection (left hand)
Wands
 n - a wand of quicksilver (10)
Scrolls
 o - 2 scrolls of enchant weapon
 p - a scroll of identify
 q - 4 scrolls of enchant armour
Potions
 e - 5 potions of curing
 g - 2 potions of haste
 l - a potion of berserk rage
 m - a potion of might


   Skills:
 + Level 18.1 Fighting
 * Level 24.3 Polearms
 + Level 18.1 Armour
 - Level 3.6 Shields


You had 10 spell levels left.
You didn't know any spells.
Your spell library was empty.

Dungeon Overview and Level Annotations

Branches:
Dungeon (1/1)

Altars:
Cheibriados
Dithmenos
Elyvilon
Fedhas
Gozag
Hepliaklqana
Kikubaaqudgha
Makhleb
Nemelex Xobeh
Okawaru
Qazlal
Ru
Sif Muna
Trog
Uskayaw
Vehumet
Wu Jian
Xom
Yredelemnul
Zin
The Shining One
Jiyva
Lugonu


Innate Abilities, Weirdness & Mutations

You have a pair of horns on your head.
You reflexively headbutt those who attack you in melee.


Message History

The orc knight is almost dead.
The orc knight hits you with a +0 glaive!!
* * * LOW HITPOINT WARNING * * *
The orc sorcerer casts a spell.
You feel much better. The orc knight barely misses you.
You puncture the orc knight!
You kill the orc knight!
You hit the orc knight.
The orc knight is poisoned.
The orc knight is lightly wounded.
The neqoxec gestures at you. Something gnaws on your mind!
* * * LOW HITPOINT WARNING * * *
You feel your power leaking away.
You feel much better.
The orc knight hits you with a +2 great mace.
You slash the orc knight!
The orc knight looks as sick as possible!
The orc knight is moderately wounded.
The orc knight roars a battlecry!
The orc knight hits you with a +2 great mace.
The rust devil is distracted by your dazzling golden aura.
The rust devil screeches!
You barely miss the orc knight.
The orc knight is moderately wounded.
You hear a shout!
The orc knight hits you with a +2 great mace!!
* * * LOW HITPOINT WARNING * * *
You hit the orc knight. Your headbutt misses the orc knight.
The orc knight is moderately wounded.
You hit the orc knight.
The orc knight looks as sick as possible!
The orc knight is moderately wounded.
The orc warrior no longer looks unusually strong.
The rust devil is no longer distracted by gold.
The orc knight hits you with a +2 great mace!
* * * LOW HITPOINT WARNING * * *
You feel yourself speed up.
The orc knight hits you with a +2 great mace!!
You die...
Your body crumbles into a pile of gold.

▓▓▓▓▓▓▓▓▓▓▓▓▓▓▓▓▓▓▓▓▓▓▓▓
$4oo3oo@...........)'...
▓▓▓▓▓▓▓▓▓▓▓▓▓▓▓▓▓▓▓▓▓▓▓▓▓▓▓▓▓▓▓▓▓
.................................
▓▓▓▓▓▓▓▓▓▓▓▓▓▓▓▓▓▓▓▓▓▓▓▓▓▓▓▓▓▓▓▓▓
.'.........'.........'...?..[?.!.
▓▓▓▓▓▓▓▓▓▓▓▓▓▓▓▓▓▓▓▓▓▓▓▓▓▓▓▓▓▓▓▓▓
.................................
▓▓▓▓▓▓▓▓▓▓▓▓▓▓▓▓▓▓▓▓▓▓▓▓▓▓▓▓▓▓▓▓▓
!'________________________'.....†


You could see 2 orc knights, a rust devil (summoned), a neqoxec (summoned), an
orc sorcerer (strong) and an orc warrior.

Vanquished Creatures
  An ettin (D)
  A hydra (D)
  A centaur warrior (D)
  2 catoblepae (D)
  4 death yaks (D)
  A boulder beetle (D)
  A skyshark (D)
  2 orc knights (D)
  A manticore (D)
  A cyclops (D)
  An elephant (D)
  A torpor snail (D)
  A black mamba (D)
  3 komodo dragons (D)
  3 cane toads (D)
  A tengu conjurer (D)
  A troll (D)
  A blink frog (D)
  A basilisk (D)
  4 yaks (D)
  2 water moccasins (D)
  8 orc warriors (D)
  A wolf (D)
  A phantom (D)
  A gnoll sergeant (D)
  A wight (D)
  4 orc priests (D)
  An iguana (D)
  2 orc wizards (D)
  3 adders (D)
  A dart slug (D)
  2 orcs (D)
  A giant cockroach (D)
  A hobgoblin (D)
  A quokka (D)
  A ball python (D)
63 creatures vanquished.

Vanquished Creatures (others)
  A death yak (D)
1 creature vanquished.

Grand Total: 64 creatures vanquished

Notes
Turn   | Place    | Note
-------+----------+-------------------------------------------
     0 | D        | Heoruswealwe the Minotaur Fighter began the quest for the
                  | Orb.
     0 | D        | Reached XP level 1. HP: 19/19 MP: 0/0
     6 | D        | Reached skill level 3 in Polearms
    13 | D        | Reached skill level 4 in Polearms
    18 | D        | Noticed a phantom
    18 | D        | Noticed an iguana
    21 | D        | Killed an iguana
    22 | D        | Reached skill level 5 in Fighting
    22 | D        | Reached skill level 5 in Polearms
    22 | D        | Reached skill level 5 in Armour
    22 | D        | Reached XP level 2. HP: 18/29 MP: 1/1
    22 | D        | Reached XP level 3. HP: 22/36 MP: 2/2
    26 | D        | Reached skill level 6 in Polearms
    39 | D        | Killed a phantom
    40 | D        | Reached skill level 8 in Polearms
    40 | D        | Reached XP level 4. HP: 17/45 MP: 3/3
    52 | D        | Found a snail-covered altar of Cheibriados.
    52 | D        | Found a shadowy altar of Dithmenos.
    52 | D        | Found a white marble altar of Elyvilon.
    52 | D        | Found a blossoming altar of Fedhas.
    52 | D        | Found an opulent altar of Gozag.
    53 | D        | Found a hazy altar of Hepliaklqana.
    54 | D        | Found a viscous altar of Jiyva.
    55 | D        | Found an ancient bone altar of Kikubaaqudgha.
    56 | D        | Found a corrupted altar of Lugonu.
    57 | D        | Found a burning altar of Makhleb.
    58 | D        | Found a sparkling altar of Nemelex Xobeh.
    59 | D        | Found an iron altar of Okawaru.
    60 | D        | Became a worshipper of Gozag Ym Sagoz the Greedy
    61 | D        | Found a stormy altar of Qazlal.
    62 | D        | Found a sacrificial altar of Ru.
    63 | D        | Found a shimmering blue altar of Sif Muna.
    64 | D        | Found a bloodstained altar of Trog.
    65 | D        | Found a hide-covered altar of Uskayaw.
    66 | D        | Found a radiant altar of Vehumet.
    67 | D        | Found an ornate altar of the Wu Jian Council.
    68 | D        | Found a shimmering altar of Xom.
    69 | D        | Found a basalt altar of Yredelemnul.
    70 | D        | Found a glowing silver altar of Zin.
    71 | D        | Found a glowing golden altar of the Shining One.
   147 | D        | Noticed a gnoll sergeant
   147 | D        | Noticed a troll
   147 | D        | Noticed an orc warrior
   147 | D        | Noticed an orc warrior
   151 | D        | Killed an orc warrior
   152 | D        | Reached skill level 10 in Polearms
   152 | D        | Reached XP level 5. HP: 30/53 MP: 4/4
   156 | D        | Killed an orc warrior
   157 | D        | Reached skill level 11 in Polearms
   157 | D        | Reached XP level 6. HP: 22/62 MP: 5/5
   166 | D        | Killed a troll
   167 | D        | Reached skill level 13 in Polearms
   167 | D        | Reached XP level 7. HP: 14/71 MP: 6/6
   174 | D        | Reached skill level 10 in Fighting
   174 | D        | Reached skill level 10 in Armour
   341 | D        | Noticed a boulder beetle
   341 | D        | Noticed a cyclops
   341 | D        | Noticed a tengu conjurer
   341 | D        | Noticed a manticore
   341 | D        | Noticed a six-headed hydra
   341 | D        | Noticed a centaur warrior
   347 | D        | Killed a centaur warrior
   348 | D        | Reached skill level 15 in Polearms
   348 | D        | Reached XP level 8. HP: 82/82 MP: 7/7
   356 | D        | Killed a 13-headed hydra
   357 | D        | Reached skill level 16 in Polearms
   361 | D        | Killed a manticore
   362 | D        | Reached skill level 17 in Polearms
   362 | D        | Reached XP level 9. HP: 11/92 MP: 8/8
   363 | D        | Killed a tengu conjurer
   373 | D        | Killed a cyclops
   374 | D        | Reached skill level 18 in Polearms
   379 | D        | Killed a boulder beetle
   628 | D        | Noticed a cane toad
   629 | D        | Noticed a komodo dragon
   630 | D        | Reached skill level 19 in Polearms
   632 | D        | Killed a cane toad
   638 | D        | Reached XP level 10. HP: 85/104 MP: 9/9
   642 | D        | Noticed an elephant
   654 | D        | Reached skill level 20 in Polearms
   656 | D        | Reached skill level 15 in Fighting
   656 | D        | Reached skill level 15 in Armour
   663 | D        | Killed an elephant
   803 | D        | Noticed a torpor snail
   803 | D        | Noticed a cane toad
   803 | D        | Noticed a skyshark
   803 | D        | Noticed a black mamba
   807 | D        | Killed a black mamba
   810 | D        | Noticed a cane toad
   821 | D        | Killed a skyshark
  1077 | D        | Killed a torpor snail
  1078 | D        | Reached skill level 21 in Polearms
  1085 | D        | Killed a cane toad
  1091 | D        | Killed a cane toad
  1189 | D        | Noticed a catoblepas
  1189 | D        | Noticed a death yak
  1189 | D        | Noticed a death yak
  1189 | D        | Noticed a death yak
  1189 | D        | Noticed a death yak
  1193 | D        | Killed a death yak
  1194 | D        | Reached skill level 22 in Polearms
  1194 | D        | Reached XP level 11. HP: 115/115 MP: 10/10
  1195 | D        | Noticed a death yak
  1198 | D        | Killed a death yak
  1203 | D        | Killed a death yak
  1229 | D        | Noticed a catoblepas
  1242 | D        | Killed a death yak
  1288 | D        | Killed a catoblepas
  1289 | D        | Reached skill level 23 in Polearms
  1317 | D        | Killed a death yak
  1546 | D        | Killed a catoblepas
  1667 | D        | Noticed an orc knight
  1667 | D        | Noticed an ettin
  1674 | D        | Killed an ettin
  1680 | D        | Killed an orc knight
  1692 | D        | Reached skill level 24 in Polearms
  1977 | D        | Noticed an orc knight
  1977 | D        | Noticed an orc knight
  1981 | D        | Noticed an orc sorcerer
  1985 | D        | Noticed an orc knight
  1990 | D        | HP: 4/119 [orc knight/+0 glaive (32)]
  1992 | D        | Killed an orc knight
  1999 | D        | Demolished by an orc knight

Illustrated notes

Levels and vault maps discovered:
D:        linesprint [early_d, line_temple, items_1, d_10, items_2, lair_1,
          lair_end, items_3, orc_1, orc_end, items_4, d_15, swamp_1, shoals_1,
          snake_1, spider_1, d_20, vaults_1, items_5, swamp_end, shoals_end,
          snake_end, spider_end, vaults_end, d_27, items_6, zot_1, zot_end,
          crypt_end, forest_end, elf_end, slime_end, tomb_end, abyss_end,
          pan_hell_end]

Skill      XL: |  1  2  3  4  5  6  7  8  9 10 11 |
---------------+----------------------------------+-----
Polearms       | 5 8 10 11 13 15 17 19 22 24 | 24.3
Fighting       | 5 6 8 9 11 12 14 16 18 | 18.1
Armour         | 5 6 8 9 11 12 14 16 18 | 18.1
Shields        | |  3.6

Action                     |  1- 3 |  4- 6 |  7- 9 | 10-12 || total
---------------------------+-------+-------+-------+-------++-------
  Melee: Trident           |    29 |     6 |       |       ||    35
         Headbutt          |     2 |     4 |    15 |    29 ||    50
         Halberd           |       |    15 |    48 |   161 ||   224
    Use: Potion            |       |       |     4 |     5 ||     9
         Scroll            |       |       |       |     2 ||     2
   Stab: Distracted        |       |       |     1 |     3 ||     4
         Petrified         |       |       |       |     5 ||     5
 Armour: Scale mail        |    17 |    15 |     9 |       ||    41
         Plate armour      |       |       |    47 |   128 ||   175
  Dodge: Dodged            |    11 |    15 |    24 |    39 ||    89
  Block: Buckler           |     3 |     1 |       |       ||     4
